 Dungeon Crawl Stone Soup version 0.24.0-123-gd5b16e6ec5 (webtiles) character file.

Game seed: 5102785433531256185, levelgen mode: deterministic

51 FluffGlitter the Magician (level 3, -1/24 HPs)
             Began as a Demonspawn Wizard on Jan 12, 2020.
             Slain by an adder (2 damage)
             ... on level 2 of the Dungeon.
             The game lasted 00:12:09 (2365 turns).

FluffGlitter the Magician (Demonspawn Wizard)       Turns: 2365, Time: 00:12:09

Health: -1/24      AC:  2    Str:  7    XL:     3   Next: 58%
Magic:  1/7        EV: 12    Int: 20    God:
Gold:   96         SH:  0    Dex: 11    Spells: 5/8 levels left

rFire    . . .     SeeInvis .   a - +0 short sword
rCold    . . .     Gourm    .   (no shield)
rNeg     . . .     Faith    .   d - +0 robe
rPois    .         Spirit   .   k - +0 hat
rElec    .         Reflect  .   (no cloak)
rCorr    .         Harm     .   (no gloves)
MR       .....                  (no boots)
Stlth    ++........             (no amulet)
HPRegen  0.08/turn              (no ring)
MPRegen  0.10/turn              (no ring)

@: lethally poisoned (-1 -> -6), flying, very slightly contaminated
A: claws 1, powered by pain 1
a: no special abilities


You were on level 2 of the Dungeon.
You were not hungry.

You visited 1 branch of the dungeon, and saw 3 of its levels.

You collected 96 gold pieces.

Inventory:

Hand Weapons
 a - a +0 short sword (weapon)
   (You took it off a kobold on level 1 of the Dungeon)
 b - a +0 hunting sling
   (You found it on level 1 of the Dungeon)
 m - a +0 dagger
   (You found it on level 1 of the Dungeon)
Missiles
 i - 7 stones
 l - 15 poisoned darts (quivered)
 o - 16 sling bullets
Armour
 d - a +0 robe (worn)
 k - a +0 hat (worn)
Scrolls
 f - 2 scrolls of teleportation {unknown}
 g - 2 scrolls of immolation {unknown}
 h - 4 scrolls of identify {unknown}
 j - a scroll of magic mapping {unknown}
Comestibles
 e - 2 rations {!d}
 n - a chunk of flesh


   Skills:
 + Level 0.9 Short Blades
 + Level 2.2 Dodging
 + Level 2.4 Stealth
 + Level 3.3 Spellcasting
 + Level 1.7 Conjurations
   Level 1.0 Summonings
 - Level 0.8 Translocations


You had 5 spell levels left.
You knew the following spells:

 Your Spells              Type           Power        Failure   Level  Hunger
a - Magic Dart            Conj           ##..         7%          1    None
b - Blink                 Tloc           N/A          14%         2    ##.....

Your spell library contained the following spells:

 Spells                   Type           Power        Failure   Level  Hunger
 Call Imp                 Summ           #.......     14%         2    ##.....
 Slow                     Hex            #.......     21%         2    ##.....
 Conjure Flame            Conj/Fire      #.......     28%         3    ###....
 Mephitic Cloud           Conj/Pois/Air  #.......     32%         3    ###....


Dungeon Overview and Level Annotations

Branches:
Dungeon (3/15)

Altars:


Innate Abilities, Weirdness & Mutations

You have sharp fingernails.
You sometimes gain a little power by taking damage.


Message History

You miscast Magic Dart.
You are very lightly contaminated with residual magic.
The air around you crackles with energy!
The adder barely misses you. The adder bites you but does no damage.
Aim: an adder The magic dart hits the adder but does no damage.
The adder bites you.
You are poisoned.
The adder poisons you!
Aim: an adder The magic dart hits the adder but does no damage.
You feel sick. The adder misses you.
Aim: an adder The magic dart hits the adder.
The adder misses you.
You hit the adder but do no damage. The adder completely misses you.
The adder bites you.
You barely miss the adder.
You feel sick. The adder bites you.
You hit the adder. The adder bites you.
* * * LOW HITPOINT WARNING * * *
The adder barely misses you.
Aim: an adder (moderately wounded)
The magic dart hits the adder but does no damage.
The adder closely misses you.
Aim: an adder (moderately wounded)
You miscast Magic Dart.
Your skin glows momentarily.
The adder bites you.
* * * LOW HITPOINT WARNING * * *
The adder closely misses you.
You feel sick.
You blink.
You feel sick.
You are no longer poisoned.
The adder barely misses you. The adder bites you.
* * * LOW HITPOINT WARNING * * *
You are lethally poisoned!
The adder poisons you!
It was a potion of flight.
You feel very buoyant.
You fly up into the air.
* * * LOW HITPOINT WARNING * * *
You feel sick. The adder misses you.
You hit the adder. The adder closely misses you.
You hit the adder.
* * * LOW HITPOINT WARNING * * *
You feel sick. The adder barely misses you. The adder completely misses you.
Unknown command.
Unknown command.
Unknown command.
You closely miss the adder. The adder bites you.
You die...

######## #......# #.####.#
##########.####.#
#...............#
#.#######..#.##.####
##.#######..#.......#
#........#....)..##.# .
#..#####@#.#####.##.#####
. #..## #S#.......##.....#
.. #...#
#........#######.#
..#######.#.####........#
#.#
............#...........#
#.#
..(.รท.........#.........#
#.#
.....(.....##..)#.......#
####.#
..#.#####.####.##.......#
#....# ..#.# ###
#.##.......# #.####


You could see an adder.

Vanquished Creatures
  An adder (D:2)
  2 dart slugs
  A leopard gecko (D:1)
  2 giant cockroaches
  3 goblins
  5 hobgoblins
  2 jackals (D:1)
  7 kobolds (D:1)
  A ball python (D:1)
  5 bats
  3 frilled lizards (D:1)
  4 rats (D:1)
36 creatures vanquished.

Notes
Turn   | Place    | Note
-------+----------+-------------------------------------------
     0 | D:1      | FluffGlitter the Demonspawn Wizard began the quest for the
                  | Orb.
     0 | D:1      | Reached XP level 1. HP: 13/13 MP: 4/4
   499 | D:1      | Gained mutation: You sometimes gain a little power by
                  | taking damage. [demonic ancestry]
   499 | D:1      | Reached XP level 2. HP: 19/19 MP: 4/6
  1234 | D:1      | Learned a level 2 spell: Blink
  1350 | D:1      | Gained mutation: You have sharp fingernails. [demonic
                  | ancestry]
  1350 | D:1      | Reached XP level 3. HP: 22/24 MP: 7/7
  2364 | D:2      | HP: 1/24 [poisoned by an adder]
  2365 | D:2      | Slain by an adder

Levels and vault maps discovered:
D:1:      lemuel_arrival_broad_hall, layout_loops_ring, minmay_pentomino_s4
D:2:      layout_loops_cross, first_ration, serial_glass, glass_columns_a,
          glass_columns_b, uniq_jessica
D:3:      layout_basic, amethyst_killhole, uniq_crazy_yiuf_cottage

Skill      XL: |  1 |
---------------+----+-----
Stealth        | 2 |  2.4
Dodging        | 2 |  2.2
Short Blades   | |  0.9
Spellcasting   | |  3.3
Conjurations   | |  1.7
Summonings     | |  1.0
Translocations | |  0.8

Action                   || total
-------------------------++-------
Melee: Unarmed           ||     4
       Short sword       ||   108
       Dagger            ||     9
 Fire: Hunting sling     ||     3
Throw: Dart              ||    10
 Cast: Magic Dart        ||    48
       Blink             ||     2
  Use: Potion            ||     1
 Stab: Sleeping          ||     3
  Eat: Chunk             ||     5
Armor: Robe              ||    28
Dodge: Dodged            ||   103
